 Dungeon Crawl Stone Soup version 0.30.1-3-gfc49f6343a (webtiles) character file.

Game seed: 7835292242817105613

42856 Zeor the Carver (level 13, 0/106 HPs)
             Began as a Demonspawn Gladiator on Aug 4, 2023.
             Was the Champion of Okawaru.
             Slain by a death yak (5 damage)
             ... on level 5 of the Lair of Beasts on Aug 5, 2023.
             The game lasted 01:20:02 (18409 turns).

Zeor the Carver (Demonspawn Gladiator)             Turns: 18409, Time: 01:20:03

Health: 0/106      AC: 14    Str: 16    XL:     13   Next: 87%
Magic:  23/30      EV: 18    Int: 15    God:    Okawaru [******]
Gold:   156        SH:  0    Dex: 17    Spells: 23/38 levels left

rFire   + + +        v - +7 great sword "Iniec" {speed, rCorr}
rCold   x x .        (shield currently unavailable)
rNeg    . . .        W - +3 salamander hide armour {Flames, rFlCloud rF++ rC--}
rPois   +            g - +2 helmet {SInv}
rElec   +            w - +1 cloak
rCorr   +            (no gloves)
SInv    +            N - +0 pair of boots
Will    .....        f - amulet of the Vanishing Teeth {Faith rElec rF+ rCorr}
Stlth   +++++        L - ring of poison resistance
HPRegen 0.37/turn    G - ring of wizardry
MPRegen 0.22/turn

%: faith, wizardry (x1)
@: heroic, studying Spellcasting
A: icemail 2, big brain 2, condensation shield, demonic magic 2, weakness
stinger 1
a: Renounce Religion, Heroism, Finesse, Duel


You were on level 5 of the Lair of Beasts.
You worshipped Okawaru.
Okawaru was exalted by your worship.
You visited 3 branches of the dungeon, and saw 16 of its levels.
You also visited: Sewer and Ice Cave.

You collected 1234 gold pieces.
You spent 1078 gold pieces at shops.

Inventory:

Hand Weapons
 r - a +2 triple crossbow of freezing
 v - the +7 great sword "Iniec" (weapon) {speed, rCorr}
   (Okawaru gifted it to you on level 5 of the Lair of Beasts)

   rCorr:     It protects you from acid and corrosion.
 A - the +2 long sword "Noew" {venom, Will+}
   (You found it on level 2 of the Dungeon)

   Will:      It increases your willpower.
 O - the +10 scimitar "Metsohu" {flame, *Slow rC+ Int+8}
   (Okawaru gifted it to you on level 3 of the Lair of Beasts)

   Int:       It affects your intelligence (+8).
   rC:        It protects you from cold.
   *Slow:     It may slow you when you take damage.
 U - a +3 double sword of protection
Missiles
 d - 5 throwing nets
 e - a javelin (quivered)
 m - 4 atropa-tipped darts
 t - 2 curare-tipped darts
 u - 25 poisoned darts
Armour
 g - a +2 helmet of see invisible (worn)
 w - a +1 cloak (worn)
 D - a +2 pair of gloves of infusion
 K - a +3 leather armour of cold resistance
 N - a +0 pair of boots (worn)
 V - the +2 hat "Yzuffeb" {rF+}
   (Okawaru gifted it to you on level 3 of the Lair of Beasts)

   rF:        It protects you from fire.
 W - the +3 salamander hide armour (worn) {Flames, rFlCloud rF++ rC--}
   (You bought it in a shop on level 8 of the Dungeon)

   Flames:    It surrounds you with flame clouds and enhances your fire magic.
   rFlCloud:  It grants immunity to flame clouds.
   rF:        It greatly protects you from fire.
   rC:        It makes you very vulnerable to cold.
Jewellery
 f - the amulet of the Vanishing Teeth (around neck) {Faith rElec rF+ rCorr}
   (You acquired it on level 1 of the Dungeon)

   [amulet of faith]

   It allows you to gain divine favour quickly.
   rF:        It protects you from fire.
   rElec:     It insulates you from electricity.
   rCorr:     It protects you from acid and corrosion.
 B - a ring of protection from fire
 G - a ring of wizardry (right hand)
 J - the ring of Deomacio {Fly rF++ rCorr Slay-4}
   (You found it on level 7 of the Dungeon)

   [ring of resist corrosion]

   Slay:      It affects your accuracy & damage with ranged weapons and melee
   (-4).
   rF:        It greatly protects you from fire.
   Fly:       It grants you flight.
   rCorr:     It protects you from acid and corrosion.
 L - a ring of poison resistance (left hand)
 Y - a ring of protection from cold
 Z - a ring of fire
Wands
 k - a wand of iceblast (12)
 s - a wand of acid (5)
 H - a wand of digging (10)
 P - a wand of paralysis (12)
Scrolls
 b - 7 scrolls of identify
 h - 5 scrolls of teleportation
 j - 3 scrolls of amnesia
 l - a scroll of magic mapping
 p - 2 scrolls of silence
 q - 2 scrolls of enchant weapon
 y - a scroll of brand weapon
 F - 2 scrolls of fog
 I - 2 scrolls of poison
 Q - a scroll of blinking
 X - 3 scrolls of fear
Potions
 c - 4 potions of resistance
 i - 4 potions of brilliance
 n - 3 potions of curing
 o - 4 potions of haste
 x - 3 potions of might
 z - a potion of berserk rage
 C - a potion of magic
 E - 3 potions of cancellation
 R - a potion of flight
 S - 3 potions of heal wounds
 T - 2 potions of invisibility


   Skills:
 * Level 11.2(16.2) Fighting
 + Level 13.4(18.4) Long Blades
 + Level 2.0(7.0) Throwing
 + Level 4.1(9.1) Armour
 + Level 6.3(11.3) Dodging
 + Level 6.2(11.2) Stealth
 + Level 3.8(8.8) Shields
 * Level 13.0 Spellcasting
 + Level 0.3 Hexes
 + Level 5.0 Translocations
 + Level 4.1 Air Magic
 + Level 0.8 Earth Magic


You had 23 spell levels left.
You knew the following spells:

 Your Spells              Type           Power      Damage    Failure   Level
a - Vhi's Electric Charg  Tloc/Air       46%        N/A       1%          3
b - Hailstorm             Conj/Ice       9%         3d4       10%         3
c - Leda's Liquefaction   Hex/Erth       5%         N/A       26%         4
d - Arcjolt               Conj/Air       7%         1d17      36%         5

Your spell library contained the following spells:

 Spells                   Type           Power      Damage    Failure   Level
 Inner Flame              Hex/Fire       15%        N/A       9%          3
 Flame Wave               Conj/Fire      14%        2d6       32%         4
 Ice Form                 Ice/Tmut       9%         N/A       32%         4
 Sticky Flame             Conj/Fire      14%        2d4       32%         4
 Lee's Rapid Deconstruct  Erth           6%         3d6*      52%         5
 Statue Form              Tmut/Erth      6%         N/A       98%         6
 Maxwell's Capacitive Co  Air            11%        ∞         100%        8
 Simulacrum               Ice/Necr       Unusable   N/A       N/A         6

Dungeon Overview and Level Annotations

Branches:
Dungeon (10/15)            Temple (1/1) D:5            Lair (5/5) D:10
 Shoals (0/4) Lair:3        Snake (0/4) Lair:3        Slime (0/5) Lair:4
    Orc (0/2) D:10          Sewer (visited)           IceCv (visited)

Altars:
Ashenzari
Cheibriados
Dithmenos
Fedhas
Gozag
Hepliaklqana
Kikubaaqudgha
Makhleb
Nemelex Xobeh
Okawaru
Qazlal
Ru
Sif Muna
Trog
Uskayaw
Vehumet
Wu Jian
Xom
Yredelemnul
Jiyva

Shops:
D:3 *   D:4 *   D:5 (   D:8 **[

Portals:
Abyss: D:4

Annotations:
D:4 2 transporters, sampeng1's ghost, amateur HuFi
D:5 3 runed translucent doors, zzuzz's ghost, novice DrFE
D:10 exclusion: obsidian statue
Lair:1 2 transporters
Lair:2 1 runed translucent door, monsoonserge's ghost, journeyman MiFi


Innate Abilities, Weirdness & Mutations

A meltable icy envelope protects you from harm. (AC +0)
You have an extremely huge brain. (Int +4)
A meltable shield of frost defends you. (SH +0)
Spells you cast may paralyse nearby enemies.
You have a small tail.


Message History

The death yak is almost dead.
The death yak is engulfed in blazing flames.
You kill the death yak!
Okawaru accepts your kill.
A death yak comes into view.
You see here a death yak corpse.
Casting: Vhi's Electric Charge (safe; 1% risk of failure)
Confirm with . or Enter, or press ? or * to list all spells.
Charge where?
Press: ? - help, Dir - move target, f - death yak
Aim: a death yak (97% to hit)
You charge forward with an electric crackle!
The death yak bellows!
You slash the death yak and electrocute it!
The death yak is lightly wounded.
Malevolent energies surge around you.
The death yak is engulfed in blazing flames.
The death yak closely misses you.
You gain the combat prowess of a mighty hero.
You hit the death yak.
You tail-slap the death yak, but do no damage.
The death yak is lightly wounded.
You slash the death yak!
The death yak is lightly wounded.
You slash the death yak!
The death yak is moderately wounded.
You barely miss the death yak. You tail-slap the death yak.
The death yak is moderately wounded.
The death yak is engulfed in blazing flames.
The death yak gores you!!
* * * LOW HITPOINT WARNING * * *
The death yak is engulfed in blazing flames.
You slice the death yak!!
The death yak is almost dead.
The death yak is engulfed in blazing flames.
The death yak gores you!
* * * LOW HITPOINT WARNING * * *
The death yak is engulfed in blazing flames.
The death yak gores you.
You die...

▒∙▒▒∙∙∙∙∙∙∙▒▒
░░░░··
▒▒∙∙∙▒∙∙∙∙∙∙∙▒ ░··
░░▒▒▒∙∙∙∙∙∙∙†∙∙∙▒░
░··
░·▒∙∙∙∙∙∙∙∙∙∙∙∙▒░
░░░░
░░∙∙∙∙∙∙∙∙∙∙∙∙∙▒
░·░~
░·∙∙∙∙∙∙∙∙∙∙†∙∙▒▒
░·~~
░░░∙∙∙∙∙∙∙∙=∙∙∙▒∙▒
░░·~~
░·░∙∙∙∙∙∙†∙∙Y°☼∙∙▒
░··~~
░░·∙∙∙∙∙∙∙∙°Y6☼∙∙▒
░░~·~~
░·∙∙∙∙∙∙∙∙°°#☼∙∙▒
░░··~~~
░·∙▒∙∙∙∙∙∙°○○∙∙∙▒▒
░∙∙∙∙~~
░░▒∙∙∙∙∙∙∙∙∙°▒∙∙P▒
▒▒∙∙∙∙~
▒▒▒∙∙∙∙∙°†▒▒∙∙▒▒
▒∙∙∙∙~~
▒▒▒▒∙∙°°∙▒∙∙∙▒
▒∙∙~∙~~
▒∙▒▒▒▒▒∙▒∙∙▒▒
▒▒∙∙∙~∙ ▒▒░
▒▒▒∙∙∙▒ ▒▒∙∙∙∙∙∙
▒∙∙∙∙▒▒▒▒∙∙∙~∙∙∙


You could see 2 death yaks.

Vanquished Creatures
  Gastronok (Lair:3)
  3 hydras
  3 catoblepae
  Erica (Lair:2)
  2 centaur warriors (D:10)
  2 death yaks (Lair:5)
  2 skysharks
  A necromancer (IceCv)
  A bog body (IceCv)
  An ugly thing (D:10)
  A wolf spider (D:10)
  Joseph (D:7)
  2 ice statues (IceCv)
  6 elephants (Lair:2)
  3 black mambas
  16 cane toads
  2 anaconda simulacra (IceCv)
  5 komodo dragons
  5 ice devils (IceCv)
  A tyrant leech (Lair:5)
  Grinder (D:3)
  A hornet (D:8)
  A polar bear (Lair:5)
  15 blink frogs
  6 dream sheep (Lair:3)
  A snapping turtle (Lair:3)
  A dire elephant simulacrum (IceCv)
  2 wraiths (D:10)
  38 yaks
  A vampire (D:9)
  7 wyverns
  2 steam dragons
  5 basilisks
  A vampire mosquito (Lair:5)
  2 harpy simulacra (IceCv)
  3 nagas (Lair:3)
  3 acid dragons
  5 hydra simulacra (IceCv)
  15 water moccasins
  A sky beast (D:6)
  Pargi (Sewer)
  2 ice beasts
  A black bear (D:7)
  3 orc warriors
  2 centaurs
  3 phantoms (D:6)
  6 kobold brigands
  12 bullfrogs
  A necrophage (D:6)
  A gnoll sergeant (D:9)
  2 scorpions
  12 wights
  2 water moccasin zombies (D:5)
  10 killer bees
  5 electric eels
  2 howler monkeys (D:9)
  An orc priest (D:6)
  5 hounds
  5 jellies
  A gnoll bouda (D:9)
  2 iguanas
  6 orc wizards
  2 troll simulacra (IceCv)
  A polar bear simulacrum (IceCv)
  A wolf simulacrum (IceCv)
  A hound skeleton (D:6)
  22 gnolls
  A naga simulacrum (IceCv)
  9 adders
  A shadow imp (D:5)
  An ufetubus (D:6)
  4 worms
  8 dart slugs
  33 orcs
  13 endoplasms
  2 giant cockroaches
  9 goblins
  7 hobgoblins
  7 jackals
  5 quokkas
  8 ball pythons
  8 bats
  10 frilled lizards
  49 kobolds
  7 rats
464 creatures vanquished.

Vanquished Creatures (others)
  A butterfly (Lair:1)
1 creature vanquished.

Grand Total: 465 creatures vanquished

Notes
Turn   | Place    | Note
-------+----------+-------------------------------------------
     0 | D:1      | Zeor the Demonspawn Gladiator began the quest for the Orb.
     0 | D:1      | Reached XP level 1. HP: 16/16 MP: 1/1
   239 | D:1      | Gained mutation: A meltable shield of frost defends you.
                  | (SH +0) [demonic ancestry]
   239 | D:1      | Reached XP level 2. HP: 22/22 MP: 2/2
   565 | D:1      | Identified a scroll of acquirement
   565 | D:1      | Acquired the amulet of the Vanishing Teeth {Faith rElec rF+
                  | rCorr}
   756 | D:1      | Acquired a +0 helmet of see invisible
   883 | D:1      | Gained mutation: You have an unusually large brain. (Int
                  | +2) [demonic ancestry]
   883 | D:1      | Reached XP level 3. HP: 24/27 MP: 3/3
  1451 | D:2      | Reached skill level 1 in Armour
  1622 | D:2      | Identified the +2 long sword "Noew" {venom, Will+}
  1670 | D:2      | Reached XP level 4. HP: 33/33 MP: 4/4
  1721 | D:2      | Acquired a manual of Spellcasting
  2219 | D:3      | Noticed Grinder
  2282 | D:3      | Killed Grinder
  2283 | D:3      | Reached skill level 1 in Stealth
  2283 | D:3      | Reached XP level 5. HP: 39/39 MP: 4/8
  2283 | D:3      | Gained mutation: A meltable icy envelope protects you from
                  | harm. (AC +0) [demonic ancestry]
  2283 | D:3      | Reached XP level 6. HP: 46/46 MP: 4/9
  2728 | D:3      | Reached skill level 5 in Long Blades
  2737 | D:3      | Found Depnice's Assorted Antiques.
  2745 | D:3      | Bought a potion of curing for 90 gold pieces
  2745 | D:3      | Bought a scroll labelled BEHEFA LACE for 30 gold pieces
  3116 | D:4      | Found Pets's General Store.
  3156 | D:4      | Learned a level 3 spell: Vhi's Electric Charge
  3331 | D:4      | Found a transporter.
  3338 | D:4      | Found a one-way gate to the infinite horrors of the Abyss.
  3338 | D:4      | Noticed sampeng1's ghost (amateur HuFi)
  3363 | D:4      | Found a transporter.
  3390 | D:4      | Noticed a small abomination
  3442 | D:4      | Found a hazy altar of Hepliaklqana.
  4233 | D:5      | Entered Level 5 of the Dungeon
  4239 | D:5      | Found a glowing drain.
  4264 | D:5      | Gained mutation: You have a small tail. [demonic ancestry]
  4264 | D:5      | Reached XP level 7. HP: 40/51 MP: 11/11
  4317 | Sewer    | Entered a sewer
  4405 | Sewer    | Noticed Pargi
  4414 | Sewer    | Killed Pargi
  4572 | D:5      | Found a shadowy altar of Dithmenos.
  4573 | D:5      | Found Kaesib's Weapon Emporium.
  4757 | D:5      | Reached skill level 1 in Shields
  4880 | D:5      | Found a staircase to the Ecumenical Temple.
  4890 | D:5      | Gained mutation: You have an extremely huge brain. (Int +4)
                  | [demonic ancestry]
  4890 | D:5      | Reached XP level 8. HP: 56/58 MP: 13/13
  4896 | Temple   | Entered the Ecumenical Temple
  5141 | Temple   | Became a worshipper of Warmaster Okawaru
  5236 | D:5      | Found a runed translucent gate.
  5236 | D:5      | Found a runed translucent gate.
  5236 | D:5      | Found a runed translucent gate.
  5236 | D:5      | Noticed zzuzz's ghost (novice DrFE)
  5240 | D:5      | Found a basalt altar of Yredelemnul.
  5694 | D:5      | Reached * piety under Okawaru
  6600 | D:6      | Reached skill level 5 in Spellcasting
  6886 | D:6      | Gained mutation: Spells you cast may paralyse adjacent
                  | enemies. [demonic ancestry]
  6886 | D:6      | Reached XP level 9. HP: 65/65 MP: 10/17
  6993 | D:6      | Reached skill level 1 in Translocations
  7005 | D:6      | Reached ** piety under Okawaru
  7401 | D:6      | Found a burning altar of Makhleb.
  7654 | D:7      | Reached skill level 1 in Air Magic
  7902 | D:7      | Identified the ring of Deomacio {Fly rF++ rCorr Slay-4}
  8069 | D:7      | Noticed Joseph
  8093 | D:7      | Killed Joseph
  8093 | D:7      | Reached *** piety under Okawaru
  8417 | D:7      | Reached skill level 5 in Fighting
  8536 | D:8      | Found Laubly's Assorted Antiques.
  8540 | D:8      | Bought a scroll of teleportation for 60 gold pieces
  8571 | D:8      | Reached **** piety under Okawaru
  8572 | D:8      | Reached XP level 10. HP: 10/74 MP: 12/20
  9024 | D:8      | Found Ykokilah's Antique Armour Shoppe.
  9032 | D:8      | Bought a pair of embroidered gloves for 172 gold pieces
  9055 | D:8      | Found Nogirph's General Store.
  9071 | D:8      | Bought a potion of curing for 36 gold pieces
  9629 | D:9      | Identified the +0 robe of the Mashing Gods {Str+2}
  9821 | D:9      | Reached ***** piety under Okawaru
  9827 | D:9      | Received a gift from Okawaru
 11017 | D:10     | Entered Level 10 of the Dungeon
 11097 | D:10     | Found a snail-covered altar of Cheibriados.
 11097 | D:10     | Noticed a purple ugly thing
 11132 | D:10     | Noticed a centaur warrior
 11160 | D:10     | Reached skill level 5 in Dodging
 11188 | D:10     | Found a broken altar of Ashenzari.
 11197 | D:10     | Reached skill level 10 in Long Blades
 11256 | D:10     | Found a staircase to the Orcish Mines.
 11525 | D:10     | Found a sacrificial altar of Ru.
 11533 | D:10     | Killed a centaur warrior
 11658 | D:10     | Gained mutation: A meltable icy envelope protects you from
                  | harm. (AC +0) [demonic ancestry]
 11658 | D:10     | Reached XP level 11. HP: 80/83 MP: 19/23
 11901 | D:10     | Found a staircase to the Lair.
 11956 | D:10     | Learned a level 3 spell: Hailstorm
 12189 | D:10     | Noticed a centaur warrior
 12192 | D:10     | Killed a centaur warrior
 12234 | D:10     | Noticed a wolf spider
 12236 | D:10     | Killed a wolf spider
 12236 | D:10     | Identified the +8 crystal plate armour of Beauty {rPois
                  | MP+9 Dex+4} (Okawaru gifted it to you on level 10 of the
                  | Dungeon)
 12236 | D:10     | Received a gift from Okawaru
 12278 | D:10     | Killed a purple ugly thing
 12343 | D:10     | Noticed an obsidian statue
 12702 | Lair:1   | Entered Level 1 of the Lair of Beasts
 12702 | Lair:1   | Found a transporter.
 12702 | Lair:1   | Found a transporter.
 12703 | Lair:1   | Noticed a boulder beetle
 12739 | Lair:1   | Reached skill level 10 in Spellcasting
 13090 | Lair:1   | Reached ****** piety under Okawaru
 13091 | Lair:1   | Reached XP level 12. HP: 81/93 MP: 26/26
 13593 | Lair:1   | Learned a level 4 spell: Leda's Liquefaction
 13768 | Lair:2   | Noticed Erica
 13774 | Lair:2   | Killed Erica
 13775 | Lair:2   | Reached skill level 5 in Stealth
 13945 | Lair:2   | Found a runed translucent door.
 13945 | Lair:2   | Noticed monsoonserge's ghost (journeyman MiFi)
 14130 | Lair:2   | Received a gift from Okawaru
 14965 | Lair:3   | Noticed a catoblepas
 14973 | Lair:3   | You fall into a shaft and drop 1 floor!
 15087 | Lair:4   | Noticed a five-headed hydra
 15098 | Lair:4   | Killed a three-headed hydra
 15286 | Lair:4   | Found a staircase to the Slime Pits.
 15286 | Lair:4   | Found a viscous altar of Jiyva.
 15344 | Lair:3   | Noticed a catoblepas
 15356 | Lair:3   | Killed a catoblepas
 15356 | Lair:3   | Identified the +10 scimitar "Metsohu" {flame, *Slow rC+
                  | Int+8} (Okawaru gifted it to you on level 3 of the Lair of
                  | Beasts)
 15356 | Lair:3   | Received a gift from Okawaru
 15442 | Lair:3   | Noticed Gastronok
 15458 | Lair:3   | Killed Gastronok
 15569 | Lair:3   | Found a staircase to the Shoals.
 15678 | Lair:3   | Killed a catoblepas
 15867 | Lair:3   | Gained mutation: Spells you cast may paralyse nearby
                  | enemies. [demonic ancestry]
 15867 | Lair:3   | Reached XP level 13. HP: 30/102 MP: 28/28
 16019 | Lair:3   | Found a staircase to the Snake Pit.
 16021 | Lair:3   | Identified the +2 hat "Yzuffeb" {rF+} (Okawaru gifted it to
                  | you on level 3 of the Lair of Beasts)
 16021 | Lair:3   | Received a gift from Okawaru
 16238 | D:8      | Bought the +3 salamander hide armour {Flames, rFlCloud rF++
                  | rC--} for 690 gold pieces
 16238 | D:8      | Found the +3 salamander hide armour {Flames, rFlCloud rF++
                  | rC--}
 16571 | Lair:4   | Reached skill level 10 in Fighting
 16989 | Lair:5   | Entered Level 5 of the Lair of Beasts
 17041 | Lair:5   | Found a frozen archway.
 17082 | IceCv    | Entered an ice cave
 17888 | Lair:5   | Identified the +7 great sword "Iniec" {speed, rCorr}
                  | (Okawaru gifted it to you on level 5 of the Lair of Beasts)
 17888 | Lair:5   | Received a gift from Okawaru
 18188 | Lair:5   | Learned a level 5 spell: Arcjolt
 18374 | Lair:5   | Reached skill level 5 in Translocations
 18409 | Lair:5   | HP: 5/106 [death yak (17)]
 18409 | Lair:5   | Slain by a death yak

Illustrated notes

Levels and vault maps discovered:
D:1:      nzn_arrival_water_spiral, layout_loops_corners, serial_rivers,
          chequers_serial_rivers_small_3, chequers_serial_rivers_small_3,
          chequers_serial_rivers_small_a, chequers_serial_rivers_room_b,
          chequers_serial_rivers_large_b, chequers_serial_rivers_small_3,
          minmay_tetromino_s4
D:2:      minmay_chambers_of_twos, layout_basic, st_stairs_2
D:3:      layout_basic, lemuel_doored_altar, serial_shops,
          nicolae_shop_overgrown_old_shop, grunt_decor_cap,
          kennysheep_generic_room_3, uniq_grinder
D:4:      layout_loops_corners, mainiacjoe_overflow_alcove_2, serial_shops,
          shop, gammafunk_ghost_abyssal_escape
D:5:      minmay_goblin_kobold_castle, layout_rooms,
          mainiacjoe_overflow_boulevard, nicolae_yredelemnul_ghost_church,
          temple_statues, serial_shops, nicolae_lakefront_shop,
          portal_sewer_entry_a, minmay_fractal_squares_diagonal_5
D:6:      layout_gridville, makhleb_blood_cavern_becter, chequers_jeans
D:7:      layout_loops_ring, uniq_joseph
D:8:      layout_rooms, serial_shops, nicolae_shop_dealshenge, shop, shop_statue
D:9:      layout_layer_cave
D:10:     layout_roguey, nicolae_ru_awakened_eye, cheibriados_altar_1,
          overflow_temple_1_default, erik_lair_dragon, orc_0_dummy,
          minmay_variable_closet, minivault_16, kb_rosetta
Temple:   compressed_dpeg_circular_temple
Lair:1:   gammafunk_boulding_lane, layout_long_grid, lemuel_old_faithful,
          grunt_megastairs_5, lemuel_fruit_tree, lemuel_fruit_fields,
          serial_bayou_shore_a
Lair:2:   layout_cave_pods, gammafunk_ghost_grave, uniq_erica
Lair:3:   layout_roguey, minmay_shoals_entry_hut, guppyfry_snake_entry_garden,
          infiniplex_staircase_pool, serial_bayou_shore_b, uniq_gastronok
Lair:4:   layout_regular_city, nicolae_slime_entry_slimehenge,
          serial_bayou_shore_b
Lair:5:   minmay_lair_end_frog_pond, layout_cave_pods,
          portal_ice_cave_entry_pillars_2, gammafunk_lair_bear_cave

Skill      XL: |  1  2  3  4  5  6  7  8  9 10 11 12 13 |
---------------+----------------------------------------+-----
Long Blades    | 3 4 5 6 8 9 10 11 12 13 | 13.4
Armour         | 1 2 3 4 |  4.1
Dodging        | 3 4 5 6 |  6.3
Stealth        | 1 2 3 4 5 6 |  6.2
Spellcasting   | 2 3 5 7 8 10 11 13 | 13.0
Fighting       | 3 5 6 8 9 11 | 11.2
Shields        | 1 2 3 |  3.8
Translocations | 2 3 4 5 |  5.0
Air Magic      | 1 2 3 4 |  4.1
Throwing       | 2 |  2.0
Hexes          | |  0.3
Earth Magic    | |  0.8

Action                     |  1- 3 |  4- 6 |  7- 9 | 10-12 | 13-15 || total
---------------------------+-------+-------+-------+-------+-------++-------
  Melee: Long sword        |   121 |   159 |   257 |       |       ||   537
         Punch             |     1 |     4 |     4 |       |     2 ||    11
         Tailslap          |       |       |    57 |   110 |    43 ||   210
         Great sword       |       |       |   108 |   585 |   139 ||   832
         Scimitar          |       |       |       |     2 |    96 ||    98
  Throw: Javelin           |       |       |     1 |     3 |       ||     4
   Cast: Vhi's Electric Ch |       |       |    14 |    62 |    29 ||   105
         Leda's Liquefacti |       |       |       |     6 |       ||     6
         Hailstorm         |       |       |       |       |     2 ||     2
 Invoke: Heroism           |       |       |     2 |     6 |     1 ||     9
  Evoke: Wand              |       |       |     1 |       |       ||     1
    Use: Scroll            |    10 |     7 |    12 |     6 |     2 ||    37
         Potion            |       |    10 |     4 |       |       ||    14
   Stab: Sleeping          |     6 |     4 |     4 |     1 |     6 ||    21
         Paralysed         |       |       |     5 |    40 |     9 ||    54
         Distracted        |       |       |       |       |     1 ||     1
 Armour: Leather armour    |    25 |    51 |   161 |   252 |    50 ||   539
         Skin              |       |     2 |       |       |       ||     2
  Dodge: Dodged            |    62 |   100 |   275 |   401 |    90 ||   928
  Block: Other             |    14 |    29 |    67 |    91 |    18 ||   219
